 Dungeon Crawl Stone Soup version 0.27-a0-1144-g0b7d3b79db (webtiles) character file.

Game seed: 4143574977822553592

431 kae the Slasher (level 6, 0/50 HPs)
             Began as a Demonspawn Abyssal Knight on May 10, 2021.
             Was a Priest of Lugonu.
             Slain by a phantom (2 damage)
             ... on level 4 of the Dungeon.
             The game lasted 00:03:22 (4725 turns).

kae the Slasher (Demonspawn Abyssal Knight)         Turns: 4725, Time: 00:03:23

Health: 0/50       AC:  4    Str: 15    XL:     6   Next: 66%
Magic:  16/16      EV: 11    Int: 13    God:    Lugonu [***...]
Gold:   101        SH:  0    Dex: 12    Spells: 5/5 levels left

rFire    . . .     SeeInvis .   a - +1 falchion (freeze)
rCold    . . .     Faith    .   (no shield)
rNeg     . . .     Spirit   .   b - +0 leather armour
rPois    .         Reflect  .   (helmet restricted)
rElec    .         Harm     .   m - +0 cloak
rCorr    .         Rampage  .   (no gloves)
Will     +....                  (no boots)
Stlth    +.........             (no amulet)
HPRegen  0.16/turn              q - ring of willpower
MPRegen  0.15/turn              d - ring of magical power

@: no status effects
A: antennae 1, demonic guardian 2
a: Renounce Religion, Depart the Abyss, Bend Space, Banish


You were on level 4 of the Dungeon.
You worshipped Lugonu.
Lugonu was most pleased with you.
You visited 1 branch of the dungeon, and saw 4 of its levels.
You visited the Abyss 1 time.

You collected 101 gold pieces.

Inventory:

Hand Weapons
 a - a +1 falchion of freezing (weapon)
Armour
 b - a +0 leather armour (worn)
 m - a +0 cloak (worn)
Jewellery
 d - a ring of magical power (right hand)
 e - a ring of fire
 q - a ring of willpower (left hand)
Scrolls
 r - a scroll of teleportation
Potions
 c - a potion of curing
 f - a potion of flight {unknown}
 g - a potion of attraction {unknown}
 h - a potion of haste {unknown}
 i - a potion of brilliance {unknown}
 j - 3 potions of lignification {unknown}
 k - a potion of heal wounds {unknown}
 n - a potion of degeneration {unknown}
 o - a potion of berserk rage {unknown}
 p - a potion of cancellation {unknown}


   Skills:
 + Level 4.9 Fighting
 * Level 5.4 Long Blades
 - Level 1.7 Armour
 - Level 0.8 Dodging
 - Level 2.4 Invocations


You had 5 spell levels left.
You didn't know any spells.
Your spell library contained the following spells:

 Spells                   Type           Power      Damage    Failure   Level
 Confusing Touch          Hex            0%         N/A       75%         3
 Gell's Gravitas          Tloc           0%         N/A       75%         3
 Petrify                  Tmut/Erth      0%         N/A       98%         4
 Metabolic Englaciation   Hex/Ice        0%         N/A       100%        5
 Yara's Violent Unravell  Hex/Tmut       0%         3d3       100%        5


Dungeon Overview and Level Annotations

Branches:
Dungeon (4/15)
 Temple: D:4-7

Altars:
Ashenzari
Cheibriados

Shops:
D:4 (


Innate Abilities, Weirdness & Mutations

You have a pair of small antennae on your head.
A demonic guardian rushes to your aid.


Message History

You are too injured to fight recklessly!
You are too injured to fight recklessly!
You are too injured to fight recklessly!
You are too injured to fight recklessly!
You are too injured to fight recklessly!
You are too injured to fight recklessly!
You closely miss the phantom.
The phantom is heavily damaged.
The phantom completely misses you.
You riposte.
You closely miss the phantom.
The phantom is heavily damaged.
You hit the phantom but do no damage.
The phantom is heavily damaged.
The phantom hits you.
The phantom blinks!
You blink.
The phantom hits you.
A demonic guardian appears!
The phantom blinks!
You blink.
You hit the phantom.
The phantom is severely damaged.
The phantom hits you but does no damage.
Your hellwing swoops through the air toward the phantom!
Your hellwing completely misses the phantom.
Your hellwing misses the phantom. You closely miss the phantom.
The phantom is severely damaged.
The phantom hits you!
Your hellwing misses the phantom. Your hellwing hits the phantom.
You hit the phantom but do no damage.
The phantom is almost destroyed.
The phantom hits you.
* * * LOW HITPOINT WARNING * * *
The phantom blinks!
You blink.
The phantom hits you.
* * * LOW HITPOINT WARNING * * *
The phantom blinks!
You blink.
The phantom hits you!
* * * LOW HITPOINT WARNING * * *
Your hellwing barely misses the phantom.
Your hellwing closely misses the phantom.
You hit the phantom but do no damage.
The phantom is almost destroyed.
The phantom hits you.
You die...

####### ......# #.....#
#.....# #.....# #.....#
. #.....# #.....# ..
#.....# +.....# ...
#.....########.....#....
#..................'....
#..............W...#..
#.............4.@..# .
#..................#
#..................#
#......)...........#
.#############.....#
.#.....#.....#....§#
.#.....#.....#...§.#
.#.....+.....#.....#
.#.....#.....#.....#


You could see a phantom (ally target) and a friendly hellwing (summoned).

Vanquished Creatures
  Purgy (D:3)
  Natasha (thrice) (D:2)
  7 adders
  3 worms
  2 dart slugs
  7 ball pythons
  7 endoplasms
  2 giant cockroaches (D:2)
  3 goblins
  11 hobgoblins
  A jackal (D:2)
  4 kobolds
  2 quokkas
  8 bats
  6 frilled lizards
  3 rats
70 creatures vanquished.

Vanquished Creatures (collateral kills)
  Sigmund (D:2)
  A scorpion (D:3)
  Crazy Yiuf (D:2)
  2 dart slugs
  2 orcs
  An endoplasm (D:1)
  A hobgoblin (D:2)
  2 jackals (D:2)
  2 kobolds (D:2)
  A frilled lizard (D:3)
14 creatures vanquished.

Grand Total: 84 creatures vanquished

Notes
Turn   | Place    | Note
-------+----------+-------------------------------------------
     0 | Abyss:1  | kae the Demonspawn Abyssal Knight began the quest for the
                  | Orb.
     0 | Abyss:1  | Reached XP level 1. HP: 18/18 MP: 2/2
    15 | D:1      | Escaped the Abyss
    95 | D:1      | Reached skill level 2 in Long Blades
   148 | D:1      | You fall into a shaft and drop 1 floor!
   159 | D:2      | Gained mutation: A weak demonic guardian rushes to your
                  | aid. [demonic ancestry]
   159 | D:2      | Reached XP level 2. HP: 23/24 MP: 3/3
   399 | D:2      | Noticed Natasha
   408 | D:2      | Killed Natasha
   409 | D:2      | Reached skill level 3 in Long Blades
   409 | D:2      | Gained mutation: A demonic guardian rushes to your aid.
                  | [demonic ancestry]
   409 | D:2      | Reached XP level 3. HP: 19/29 MP: 4/4
   438 | D:2      | Noticed Natasha
   447 | D:2      | Killed Natasha
   448 | D:2      | Reached XP level 4. HP: 15/37 MP: 5/5
  1042 | D:2      | Noticed Sigmund
  1053 | D:2      | Killed Sigmund
  1054 | D:2      | Reached skill level 4 in Long Blades
  1054 | D:2      | Reached XP level 5. HP: 18/42 MP: 6/6
  1055 | D:2      | Reached ** piety under Lugonu
  1323 | D:2      | Found a runed translucent door.
  1324 | D:2      | Noticed Crazy Yiuf
  2676 | D:2      | Noticed Natasha
  2681 | D:2      | Killed Natasha
  2766 | D:2      | Killed Crazy Yiuf
  3299 | D:3      | Reached *** piety under Lugonu
  3314 | D:3      | Gained mutation: You have a pair of small antennae on your
                  | head. [demonic ancestry]
  3314 | D:3      | Reached XP level 6. HP: 12/49 MP: 7/7
  3585 | D:3      | Reached skill level 5 in Long Blades
  3718 | D:3      | Noticed Purgy
  3998 | D:3      | Killed Purgy
  4409 | D:3      | Found a broken altar of Ashenzari.
  4409 | D:3      | Found a snail-covered altar of Cheibriados.
  4590 | D:4      | Found Foihuf Qany's Weapon Boutique.
  4724 | D:4      | HP: 1/50 [phantom (7)]
  4725 | D:4      | Slain by a phantom

Illustrated notes

Levels and vault maps discovered:
D:1:      minmay_arrival_split_and_join, layout_loops_cross, minmay_door_square
D:2:      layout_basic, uniq_sigmund, uniq_crazy_yiuf_cottage, uniq_natasha
D:3:      layout_rooms, gammafunk_temple_overflow_elements,
          chequers_mini_garden, hangedman_decor_growths, dk_noncrumbling_4,
          minmay_fractal_squares_diagonal_5, uniq_purgy
D:4:      layout_gridville, serial_shops, nicolae_shop_crystal,
          minmay_tree_intersection

Skill      XL: |  1  2  3  4  5  6 |
---------------+-------------------+-----
Long Blades    | 2 3 4 5 |  5.4
Fighting       | 4 |  4.9
Armour         | |  1.7
Dodging        | |  0.8
Invocations    | |  2.4

Action                   |  1- 3 |  4- 6 || total
-------------------------+-------+-------++-------
Melee: Falchion          |    42 |   197 ||   239
Invok: Bend Space        |       |     1 ||     1
  Use: Potion            |       |     2 ||     2
       Scroll            |       |     5 ||     5
Armor: Leather armour    |     9 |    61 ||    70
Dodge: Dodged            |    29 |   149 ||   178
       Rpst.: Falchion   |    11 |    33 ||    44

Table legend: (Time is in decaauts)
 A = Elapsed time spent in this place.
 B = Non-inter-level travel time spent in this place.
 C = Inter-level travel time spent in this place.
 D = Time resting spent in this place.
 E = Time spent auto-exploring this place.
 F = Levels seen in this place.
 G = Mean time per level.
                   A        B        C        D        E       F      G
               +--------+--------+--------+--------+--------+-----+--------+
         Total |   4747 |   4583 |    164 |    509 |   3367 |   5 |  949.4 |
       Dungeon |   4732 |   4568 |    164 |    509 |   3356 |   4 | 1183.0 |
         Abyss |     15 |     15 |      0 |      0 |     11 |   1 |   15.0 |
               +--------+--------+--------+--------+--------+-----+--------+

Top non-repeatable levels by time:
     D:2: 2164 daAuts
     D:3: 1403 daAuts
     D:1: 960 daAuts
     D:4: 203 daAuts
 Abyss:1: 15 daAuts
